 Dungeon Crawl Stone Soup version 0.26-a0-660-gc07710193c (webtiles) character file.

Game seed: 2800112906291614157

132 Borbozo the Skirmisher (level 5, -1/41 HPs)
             Began as a Halfling Wanderer on Oct 7, 2020.
             Was an Initiate of Okawaru.
             Slain by Grinder (8 damage)
             ... on level 3 of the Dungeon.
             The game lasted 00:20:16 (3103 turns).

Borbozo the Skirmisher (Halfling Wanderer)          Turns: 3103, Time: 00:20:17

Health: -1/41      AC:  3    Str: 12    XL:     5   Next: 38%
Magic:  5/5        EV: 13    Int: 10    God:    Okawaru [......]
Gold:   134        SH:  0    Dex: 16    Spells: 4/4 levels left

rFire    . . .     SeeInvis .   v - +2 short sword (elec)
rCold    . . .     Faith    .   (shield restricted)
rNeg     . . .     Spirit   .   e - +0 leather armour
rPois    .         Reflect  .   (no helmet)
rElec    .         Harm     .   (no cloak)
rCorr    .         Rampage  .   (no gloves)
MR       .....                  (no boots)
Stlth    +.........             (no amulet)
HPRegen  0.13/turn              (no ring)
MPRegen  0.09/turn              (no ring)

@: no status effects
A: small, mutation resistance 1
a: Renounce Religion


You were on level 3 of the Dungeon.
You worshipped Okawaru.
Okawaru was noncommittal.
You visited 1 branch of the dungeon, and saw 3 of its levels.

You collected 134 gold pieces.

Inventory:

Hand Weapons
 a - a +2 hand axe
 g - a +0 hunting sling
 q - a +0 hunting sling
 r - a +0 hunting sling
 v - a +2 short sword of electrocution (weapon)
Missiles
 h - 22 stones (quivered)
 l - 72 bolts
 s - 19 arrows
Armour
 d - a +0 robe
 e - a +0 leather armour (worn)
 w - a +0 chain mail
Scrolls
 f - a scroll of enchant armour {unknown}
 j - a scroll of teleportation {unknown}
 k - 2 scrolls of remove curse {unknown}
 o - a scroll of enchant weapon {unknown}
 p - a scroll of identify
Potions
 b - a potion of lignification
 c - 3 potions of curing
 i - 3 potions of brilliance
 m - a potion of stabbing


   Skills:
 + Level 6.2 Fighting
 + Level 2.8 Axes
 + Level 1.0 Throwing
 + Level 2.1 Armour
 + Level 1.0 Dodging
 + Level 0.4 Stealth
   Level 1.1 Shields


You had 4 spell levels left.
You didn't know any spells.
Your spell library was empty.

Dungeon Overview and Level Annotations

Branches:
Dungeon (3/15)

Altars:
Gozag
Kikubaaqudgha
Okawaru
Trog

Annotations:
D:2 1 runed translucent door, Crazy Yiuf
D:3 Grinder


Innate Abilities, Weirdness & Mutations

You are small and have problems with some larger weapons.
You are somewhat resistant to further mutation.


Message History

You resist with significant effort.
You hit Grinder.
Grinder is heavily wounded.
Grinder blinks!
You hit Grinder.
Grinder is severely wounded.
Grinder hits you!
* * * LOW HITPOINT WARNING * * *
You writhe in agony.
* * * LOW HITPOINT WARNING * * *
You closely miss Grinder.
Grinder is severely wounded.
Grinder barely misses you.
You hit Grinder.
Grinder is severely wounded.
Grinder drinks a potion.
Grinder is healed!
You barely miss Grinder.
Grinder is heavily wounded.
Grinder hits you!
You die...

...........#..........##......#
...........#..........#####.#.#
...........#..........# #...#.#
....########..........# #.###.#
......................# #.# #.#
......................# #.# #.#
..#...................# #.# #.#
..#.............5.....# #.# #.#
).#.............@.....# #.# #.#
..#...................# #.# #.#
..#...................# #.###.#
..#...................# #.....#
..####ยง#####..........#
####### ..# #.## #..........#
..# #..# #..........# ..# ##.##
####.####### ..# ##...## #.#


You could see Grinder.

Vanquished Creatures
  Jessica (D:3)
  4 adders (D:2)
  2 dart slugs
  3 orcs (D:3)
  5 bats
  2 giant cockroaches
  5 goblins
  6 hobgoblins
  16 jackals
  5 frilled lizards
  8 kobolds
  3 rats
60 creatures vanquished.

Notes
Turn   | Place    | Note
-------+----------+-------------------------------------------
     0 | D:1      | Borbozo the Halfling Wanderer began the quest for the Orb.
     0 | D:1      | Borbozo set off with the following items: a +2 hand axe, a
                  | potion of lignification, a potion of curing, a +0 robe
     0 | D:1      | Reached XP level 1. HP: 18/18 MP: 1/1
   154 | D:1      | Reached XP level 2. HP: 21/25 MP: 2/2
   470 | D:1      | Reached XP level 3. HP: 30/30 MP: 3/3
   567 | D:1      | Reached skill level 6 in Fighting
   993 | D:2      | Reached XP level 4. HP: 18/36 MP: 4/4
  1261 | D:2      | Found an iron altar of Okawaru.
  1272 | D:2      | Became a worshipper of Warmaster Okawaru
  1869 | D:2      | Found a runed translucent door.
  1870 | D:2      | Noticed Crazy Yiuf
  2138 | D:3      | Noticed Jessica
  2168 | D:3      | Killed Jessica
  2168 | D:3      | Reached XP level 5. HP: 38/41 MP: 5/5
  2232 | D:3      | Reached skill level 1 in Dodging
  2311 | D:3      | Found a bloodstained altar of Trog.
  2698 | D:3      | Found an ancient bone altar of Kikubaaqudgha.
  2767 | D:3      | Found an opulent altar of Gozag.
  2995 | D:3      | Noticed Grinder
  2999 | D:3      | Paralysed by Grinder for 5 turns
  3103 | D:3      | Slain by Grinder

Illustrated notes

Levels and vault maps discovered:
D:1:      dpeg_arrival_radiant, layout_rooms
D:2:      layout_basic, okawaru_gym_becter, chequers_serial_rivers_small_3,
          uniq_crazy_yiuf_cottage
D:3:      layout_basic, lemuel_round_altar, nicolae_overflow_hidden_temple,
          grunt_gozag_breadcrumbs, uniq_grinder, uniq_jessica

Skill      XL: |  1  2  3  4  5 |
---------------+----------------+-----
Fighting       | 6 |  6.2
Axes           | 2 |  2.8
Armour         | 2 |  2.1
Dodging        | 1 |  1.0
Throwing       | |  1.0
Stealth        | |  0.4
Shields        | |  1.1

Action                   |  1- 3 |  4- 6 || total
-------------------------+-------+-------++-------
Melee: Hand axe          |    84 |   107 ||   191
       Short sword       |       |    18 ||    18
  Use: Scroll            |     2 |     3 ||     5
       Potion            |       |     2 ||     2
Armor: Robe              |     3 |       ||     3
       Leather armour    |    15 |    28 ||    43
Dodge: Dodged            |    84 |    86 ||   170

Table legend: (Time is in decaauts)
 A = Elapsed time spent in this place.
 B = Non-inter-level travel time spent in this place.
 C = Inter-level travel time spent in this place.
 D = Time resting spent in this place.
 E = Time spent auto-exploring this place.
 F = Levels seen in this place.
 G = Mean time per level.
                   A        B        C        D        E       F      G
               +--------+--------+--------+--------+--------+-----+--------+
         Total |   3146 |   3146 |      0 |    868 |      0 |   3 | 1048.7 |
       Dungeon |   3146 |   3146 |      0 |    868 |      0 |   3 | 1048.7 |
               +--------+--------+--------+--------+--------+-----+--------+

Top non-repeatable levels by time:
     D:2: 1180 daAuts
     D:1: 989 daAuts
     D:3: 976 daAuts
